 Dungeon Crawl Stone Soup version 0.30.0-29-ga12c61a403 (webtiles) character file.

Game seed: 247697262295571332

354 Revguard the Trooper (level 6, -2/53 HPs)
             Began as a Hill Orc Fighter on June 9, 2023.
             Slain by a thrashing horror (10 damage)
             ... on level 1 of the Abyss on June 17, 2023.
             The game lasted 00:10:46 (3982 turns).

Revguard the Trooper (Hill Orc Fighter)             Turns: 3982, Time: 00:10:46

Health: -2/53      AC: 12    Str: 21    XL:     6   Next: 62%
Magic:  8/8        EV: 13    Int:  8    God:
Gold:   348        SH:  5    Dex: 10    Spells: 5/5 levels left

rFire   . . .        a - +0 war axe (flame)
rCold   . . .        c - +1 buckler
rNeg    . . .        j - +0 chain mail
rPois   .            n - +0 helmet
rElec   .            (no cloak)
rCorr   .            (no gloves)
SInv    +            l - +1 pair of boots
Will    .....        (no amulet) Stlth
                     f - ring of see invisible
HPRegen 0.28/turn    q - +5 ring of evasion
MPRegen 0.11/turn

%: no passive effects
@: hasted, very quick
A: no striking features
a: no special abilities


You were on level 1 of the Abyss.
You visited 1 branch of the dungeon, and saw 4 of its levels.
You visited the Abyss 1 time.

You collected 348 gold pieces.

Inventory:

Hand Weapons
 a - a +0 war axe of flaming (weapon)
 p - a +1 war axe of electrocution
Armour
 c - a +1 buckler (worn)
 j - a +0 chain mail (worn)
 l - a +1 pair of boots (worn)
 n - a +0 helmet (worn)
Jewellery
 f - a ring of see invisible (left hand)
 q - a +5 ring of evasion (right hand)
 u - a ring of magical power
Scrolls
 g - a scroll of blinking {unknown}
 i - a scroll of fear
 k - a scroll of amnesia
 o - 2 scrolls of fog {unknown}
 r - a scroll of identify
 t - a scroll of immolation {unknown}
Potions
 d - 2 potions of might
 e - a potion of attraction
 m - a potion of resistance
 s - a potion of curing


   Skills:
 + Level 4.7 Fighting
 + Level 4.0 Axes
 + Level 4.3 Armour
 + Level 1.5 Dodging
 + Level 4.1 Shields
 * Level 3.5 Invocations
 + Level 1.9 Evocations


You had 5 spell levels left.
You didn't know any spells.
Your spell library contained the following spells:

 Spells                   Type           Power      Damage    Failure   Level
 Summon Small Mammal      Summ           0%         N/A       98%         1
 Call Canine Familiar     Summ           0%         N/A       100%        3
 Summon Guardian Golem    Hex/Summ       0%         N/A       100%        3
 Summon Forest            Summ/Tloc      0%         N/A       100%        5
 Eringya's Noxious Bog    Tmut/Pois      0%         N/A       100%        6
 Summon Hydra             Summ           0%         N/A       100%        7


Dungeon Overview and Level Annotations

Branches:
Dungeon (4/15)
 Temple: D:4-7

Altars:
Qazlal
Lugonu

Shops:
D:3 *

Portals:
Abyss: D:4


Message History

The crimson imp closely misses you.
The crimson imp attacks as you move away!
The crimson imp hits you.
The crimson imp attacks as you move away!
The crimson imp hits you but does no damage.
Found a candlelit altar of Ignis.
The crimson imp attacks as you move away!
The crimson imp hits you.
The crimson imp blinks!
The crimson imp blinks!
The crimson imp completely misses you.
The crimson imp blinks!
A wretched star comes into view.
A small abomination comes into view.
The wretched star moves out of view.
The thrashing horror misses you. The thrashing horror barely misses you.
The crimson imp shouts, "Accept thy doom, thou beslubbering two-tin-hat wastrel!"
The thrashing horror tramples you.
You hold your ground!
The thrashing horror misses you. The smoke demon misses you.
You block the smoke demon's attack. The smoke demon closely misses you.
You block the thrashing horror's attack. x2
The thrashing horror tramples you!
You hold your ground!
You block the thrashing horror's attack.
The thrashing horror barely misses you.
You block the thrashing horror's attack.
The crimson imp blinks!
The thrashing horror attacks as you move away!
The thrashing horror tramples you!
The thrashing horror closely misses you.
The thrashing horror tramples you.
You hold your ground!
The thrashing horror tramples you but does no damage.
You block the small abomination's attack.
The small abomination completely misses you.
You feel yourself speed up. The thrashing horror misses you.
The thrashing horror tramples you but does no damage.
The smoke demon gestures at you. Something smites you!
* * * LOW HITPOINT WARNING * * *
You block the thrashing horror's attack.
The thrashing horror barely misses you. The thrashing horror tramples you!
You die...

#..#.#.#...#
#...#3.# #
#.... #... .# #
.#. ##5X##.# #
.x..##X3## .
..#..#...#.###.
# ##.#...#...#
. ...##.Xx..#
.#
..#...##@.#...#
. #..# #.#.####
## ##.## #ยง ..
#. .# .


You could see a thrashing horror, a large abomination, a smoke demon and a small
abomination.

Vanquished Creatures
  A scorpion (D:3)
  An iron imp (Abyss:1)
  2 iguanas (D:4)
  An orc wizard (D:4)
  Robin (D:2)
  3 gnolls (D:2)
  3 adders
  A worm (D:4)
  4 dart slugs
  2 orcs (D:4)
  6 bats
  2 endoplasms (D:1)
  3 giant cockroaches
  19 goblins
  24 hobgoblins
  2 jackals (D:4)
  4 quokkas
  9 ball pythons
  4 frilled lizards
  8 kobolds
  6 rats
106 creatures vanquished.

Notes
Turn   | Place    | Note
-------+----------+-------------------------------------------
     0 | D:1      | Revguard the Hill Orc Fighter began the quest for the Orb.
     0 | D:1      | Reached XP level 1. HP: 19/19 MP: 1/1
   128 | D:1      | Reached XP level 2. HP: 27/27 MP: 2/2
   893 | D:1      | Reached skill level 1 in Invocations
  1148 | D:2      | Reached XP level 3. HP: 33/33 MP: 3/3
  1219 | D:2      | Reached skill level 1 in Evocations
  1435 | D:2      | Reached XP level 4. HP: 40/40 MP: 5/5
  1446 | D:2      | Noticed Robin
  1462 | D:2      | Killed Robin
  1515 | D:2      | Found a stormy altar of Qazlal.
  2331 | D:3      | Found Cenaiter's General Store.
  2352 | D:3      | Noticed a scorpion
  2362 | D:3      | Killed a scorpion
  2363 | D:3      | Reached skill level 1 in Dodging
  2363 | D:3      | Reached XP level 5. HP: 32/47 MP: 6/6
  2513 | D:3      | Found a faded altar of an unknown god.
  3075 | D:4      | Reached XP level 6. HP: 53/53 MP: 8/8
  3082 | D:4      | Found a large runed translucent door.
  3083 | D:4      | Found a large runed translucent door.
  3089 | D:4      | Found a corrupted altar of Lugonu.
  3171 | D:4      | Found a one-way gate to the infinite horrors of the Abyss.
  3837 | Abyss:1  | Cast into level 1 of the Abyss (kobold)
  3859 | Abyss:1  | Noticed a green death
  3931 | Abyss:1  | Noticed a smoke demon
  3959 | Abyss:1  | Found a candlelit altar of Ignis.
  3967 | Abyss:1  | Noticed a thrashing horror
  3967 | Abyss:1  | Noticed a large abomination
  3968 | Abyss:1  | Noticed a wretched star
  3968 | Abyss:1  | Noticed a small abomination
  3972 | Abyss:1  | Found a candlelit altar of Ignis.
  3982 | Abyss:1  | Slain by a thrashing horror

Illustrated notes

Levels and vault maps discovered:
D:1:      onia_arrival_pentagram, layout_basic, minmay_heptomino_o4
D:2:      cheibrodos_old_hovel, layout_loops_corners, basic_altar,
          nrook_campfire, uniq_robin
D:3:      cheibrodos_greedy_goblins, layout_basic,
          nicolae_ecumenical_lake_church, serial_shops, shop, minivault_25,
          nicolae_elevator_lobby_plus
D:4:      due_chaos_kobolds, layout_layer_cave, minmay_ruptured
Abyss:1:  base:
D:4

Skill      XL: |  1  2  3  4  5  6 |
---------------+-------------------+-----
Axes           | 3 4 |  4.0
Invocations    | 1 2 3 |  3.5
Evocations     | 1 |  1.9
Fighting       | 4 |  4.7
Dodging        | 1 |  1.5
Armour         | 4 |  4.3
Shields        | 4 |  4.1

Action                     |  1- 3 |  4- 6 || total
---------------------------+-------+-------++-------
  Melee: War axe           |    77 |   182 ||   259
    Use: Scroll            |       |     9 ||     9
         Potion            |       |     5 ||     5
 Armour: Scale mail        |    14 |       ||    14
         Chain mail        |    29 |    99 ||   128
         Skin              |       |     7 ||     7
  Dodge: Dodged            |    33 |   122 ||   155
  Block: Buckler           |    15 |    68 ||    83
